 Dungeon Crawl Stone Soup version 0.23.2-33-g5129a83184 (webtiles) character file.

Game seed: 1353500390333441913

825 t4s4d4r the Spear-Bearer (level 7, -3/46 HPs)
             Began as a Merfolk Summoner on July 11, 2019.
             Was an Initiate of Sif Muna.
             Slain by a hippogriff (4 damage)
             ... on level 7 of the Dungeon.
             The game lasted 00:19:15 (8862 turns).

t4s4d4r the Spear-Bearer (Merfolk Summoner)         Turns: 8862, Time: 00:19:15

Health: -3/46      AC:  5    Str:  8    XL:     7   Next: 96%
Magic:  4/12       EV: 15    Int: 17    God:    Sif Muna [......]
Gold:   54         SH:  0    Dex: 14    Spells: 8/13 levels left

rFire    . . .     SeeInvis .   j - +0 spear
rCold    . . .     Gourm    .   (no shield)
rNeg     . . .     Faith    .   x - +0 leather armour
rPois    .         Spirit   .   (no helmet)
rElec    .         Reflect  .   p - +0 cloak
rCorr    .         Harm     .   (no gloves)
MR       .....                  f - +0 pair of boots
Stlth    +++.......             (no amulet)
HPRegen  0.15/turn              s - ring of stealth
MPRegen  0.13/turn              E - +3 ring of evasion

@: drained
A: change form in water, swift swim, stealthy swim
a: Renounce Religion


You were on level 7 of the Dungeon.
You worshipped Sif Muna.
Sif Muna was noncommittal.
You were not hungry.

You visited 2 branches of the dungeon, and saw 8 of its levels.

You collected 327 gold pieces.
You spent 273 gold pieces at shops.

Inventory:

Hand Weapons
 j - a +0 spear (weapon)
Missiles
 d - 176 stones (quivered)
Armour
 f - a +0 pair of boots (worn)
 p - a +0 cloak (worn)
 x - a +0 leather armour (worn)
 F - a +0 buckler
Jewellery
 s - a ring of stealth (left hand)
 D - an uncursed ring of flight
 E - a +3 ring of evasion (right hand)
Wands
 B - a wand of digging (5)
 C - a wand of acid (16)
 G - a wand of random effects (9)
Scrolls
 k - 3 scrolls of blinking
 n - a scroll of magic mapping {unknown}
 o - a scroll of remove curse
 q - a scroll of noise {unknown}
 y - a scroll of enchant armour {unknown}
 A - a scroll of enchant weapon {unknown}
Potions
 a - 2 potions of flight
 b - a potion of degeneration {unknown}
 e - a potion of mutation {unknown}
 h - a potion of magic
 i - a potion of haste
 l - a potion of ambrosia
 m - a potion of lignification {unknown}
 r - a potion of brilliance
 v - 4 potions of curing
 w - a potion of invisibility {unknown}
 z - 2 potions of heal wounds
Comestibles
 c - 8 rations
 H - 4 chunks of flesh


   Skills:
 - Level 8.9(8.1) Polearms
 - Level 2.6(2.0) Dodging
 - Level 2.1(1.5) Stealth
 - Level 3.7(3.0) Spellcasting
 + Level 6.2(5.4) Summonings


You had 8 spell levels left.
You knew the following spells:

 Your Spells              Type           Power        Failure   Level  Hunger
b - Call Imp              Summ           ###.....     4%          2    ##.....
c - Call Canine Familiar  Summ           ###.....     9%          3    ###....

Your spell library contained the following spells:

 Spells                   Type           Power        Failure   Level  Hunger
 Summon Small Mammal      Summ           ###.         2%          1    None
 Magic Dart               Conj           #...         26%         1    None
 Summon Guardian Golem    Hex/Summ       ##......     26%         3    ###....
 Blink                    Tloc           N/A          36%         2    ##.....
 Slow                     Hex            #.......     36%         2    ##.....
 Conjure Flame            Conj/Fire      #.......     58%         3    ###....
 Mephitic Cloud           Conj/Pois/Air  #.......     58%         3    ###....
 Summon Ice Beast         Ice/Summ       ##......     63%         4    ####...
 Summon Lightning Spire   Summ/Air       ##......     63%         4    ####...
 Haunt                    Necr/Summ      ##........   100%        7    #######
 Borgnjor's Revivificati  Necr           #.........   100%        8    #######
 Death's Door             Chrm/Necr      #.........   100%        8    #######
 Infestation              Necr           #.........   100%        8    #######
 Necromutation            Tmut/Necr      #.........   100%        8    #######


Dungeon Overview and Level Annotations

Branches:
Dungeon (7/15)             Temple (1/1) D:4

Altars:
Cheibriados
Dithmenos
Elyvilon
Fedhas
Gozag
Hepliaklqana
Kikubaaqudgha
Makhleb
Nemelex Xobeh
Okawaru
Qazlal
Ru
Sif Muna
Trog
Uskayaw
Vehumet
Wu Jian
Xom
Yredelemnul
Zin
The Shining One

Shops:
D:6 =

Annotations:
D:5 2 transporters, t4s4d4r's ghost, novice OpFi
D:6 1 runed translucent door


Message History

Your hound barely misses the hippogriff.
Your crimson imp blinks!
The hippogriff bites you.
* * * LOW HITPOINT WARNING * * *
The hippogriff pecks you.
* * * LOW HITPOINT WARNING * * *
The hippogriff claws you.
* * * LOW HITPOINT WARNING * * *
Your iron imp hits the hippogriff.
Your hound bites the hippogriff.
Your hound barely misses the hippogriff.
Your crimson imp blinks! x2
Unknown command.
Attack whom?
Press: ? - help, Dir - move target cursor, f/p - hippogriff
Aim: a hippogriff (severely wounded)
You hit the hippogriff but do no damage.
The hippogriff is severely wounded.
Your hound closely misses the hippogriff.
The hippogriff bites you.
You die...

####.........).
#........... #####
##.....#.####
#...###.....##..##<
#....##.....#...#..
#..##.............
#####.§............##.
#............#....###.
#....@.....5.#....# #.
#....H.......##..###..
#...h5...........# ##.
###.).§........... ...
#.=............ ..##
#...........#.. ... #
#...#........# .. #
#....?.$...##.
#...#.........


You could see a hippogriff, a friendly hound, a friendly iron imp and a friendly
crimson imp.

Vanquished Creatures
  An ogre (D:7)
  A centaur (D:6)
  A bullfrog (D:7)
  A wight (D:6)
  A hound (D:5)
  Jessica (D:3)
  2 worker ants
  A hound zombie (D:5)
  4 adders
  An ooze (D:2)
  An adder zombie (D:4)
  A worm (D:6)
  A dart slug (D:3)
  3 leopard geckos
  5 orcs
  2 giant cockroaches
  4 goblins
  2 hobgoblins
  2 jackals (D:4)
  A quokka (D:3)
  4 ball pythons
  A ball python skeleton (D:4)
  A frilled lizard (D:4)
  6 kobolds
  A quokka skeleton (D:6)
  7 rats
56 creatures vanquished.

Vanquished Creatures (collateral kills)
  An orc warrior (D:6)
  A centaur (D:6)
  4 wights (D:6)
  2 howler monkeys
  A hound (D:7)
  2 crimson imps
  A centaur skeleton (D:4)
  An orc wizard (D:6)
  An iguana (D:6)
  2 worker ants
  2 adders
  An adder skeleton (D:7)
  A worm (D:3)
  4 leopard geckos
  An orc (D:6)
  2 giant cockroaches
  2 goblins (D:2)
  2 hobgoblins
  3 jackals (D:2)
  3 kobolds
  3 quokkas
  2 bats
  A frilled lizard (D:1)
  2 rats (D:2)
45 creatures vanquished.

Grand Total: 101 creatures vanquished

Notes
Turn   | Place    | Note
-------+----------+-------------------------------------------
     0 | D:1      | t4s4d4r the Merfolk Summoner began the quest for the Orb.
     0 | D:1      | Reached XP level 1. HP: 13/13 MP: 3/3
  1129 | D:1      | Reached XP level 2. HP: 19/19 MP: 3/5
  1133 | D:1      | Learned a level 2 spell: Call Imp
  1730 | D:2      | Reached XP level 3. HP: 23/24 MP: 4/7
  2234 | D:2      | Learned a level 3 spell: Call Canine Familiar
  2264 | D:2      | Reached skill level 1 in Polearms
  2281 | D:2      | Reached XP level 4. HP: 18/30 MP: 7/9
  2462 | D:3      | Reached skill level 2 in Polearms
  2588 | D:3      | Found a shadowy altar of Dithmenos.
  2756 | D:3      | Noticed Jessica
  2769 | D:3      | Killed Jessica
  2769 | D:3      | Reached skill level 3 in Polearms
  3977 | D:4      | Reached skill level 4 in Polearms
  3977 | D:4      | Reached XP level 5. HP: 20/35 MP: 7/10
  4170 | D:4      | Found a staircase to the Ecumenical Temple.
  4182 | Temple   | Entered the Ecumenical Temple
  4639 | D:4      | Reached skill level 5 in Polearms
  5017 | D:5      | Entered Level 5 of the Dungeon
  5264 | D:5      | Found a hide-covered altar of Uskayaw.
  5432 | D:5      | Found a white marble altar of Elyvilon.
  5432 | D:5      | Found a deep blue altar of Sif Muna.
  5433 | D:5      | Found an opulent altar of Gozag.
  5440 | D:5      | Became a worshipper of Sif Muna the Loreminder
  5572 | D:5      | Reached skill level 6 in Polearms
  5606 | D:5      | Found a transporter.
  5606 | D:5      | Noticed t4s4d4r's ghost (novice OpFi)
  5637 | D:5      | Found a transporter.
  5656 | D:5      | Reached XP level 6. HP: 19/41 MP: 8/11
  6186 | D:5      | Reached skill level 7 in Polearms
  6403 | D:5      | Found a stormy altar of Qazlal.
  6454 | D:6      | Found a burning altar of Makhleb.
  6617 | D:6      | Found a snail-covered altar of Cheibriados.
  6661 | D:6      | Found a runed translucent door.
  6778 | D:6      | Noticed an orc warrior
  6988 | D:6      | Found Xerus's Jewellery Shop.
  7005 | D:6      | Reached skill level 8 in Polearms
  7012 | D:6      | Bought a +3 ring of evasion for 273 gold pieces
  7428 | D:6      | Reached XP level 7. HP: 10/46 MP: 9/12
  7939 | D:6      | Found a sacrificial altar of Ru.
  7939 | D:6      | Found an ornate altar of the Wu Jian Council.
  8042 | D:6      | Reached skill level 5 in Summonings
  8834 | D:7      | Noticed a hippogriff
  8860 | D:7      | HP: 1/46 [hippogriff (3)]
  8862 | D:7      | Slain by a hippogriff

Skill      XL: |  1  2  3  4  5  6  7 |
---------------+----------------------+-----
Spellcasting   | 3 |  3.7
Polearms       | 1 4 6 8 |  8.9
Summonings     | 6 |  6.2
Dodging        | |  2.6
Stealth        | |  2.1

Action                   |  1- 3 |  4- 6 |  7- 9 || total
-------------------------+-------+-------+-------++-------
Melee: Unarmed           |    51 |       |       ||    51
       Spear             |    92 |   404 |   101 ||   597
 Cast: Summon Small Mamm |    17 |     1 |       ||    18
       Call Imp          |    16 |    16 |    11 ||    43
       Call Canine Famil |       |    14 |    10 ||    24
  Use: Potion            |       |     3 |       ||     3
       Scroll            |       |       |    10 ||    10
 Stab: Sleeping          |     6 |     1 |       ||     7
       Distracted        |       |     1 |     5 ||     6
  Eat: Chunk             |     6 |     9 |     3 ||    18
       Ration            |       |     3 |     1 ||     4
Armor: Robe              |    31 |    24 |       ||    55
       Leather armour    |       |    39 |    11 ||    50
Dodge: Dodged            |    91 |   178 |    52 ||   321
